 Dungeon Crawl Stone Soup version 0.28.0-1-gb440e238dd (webtiles) character file.

Game seed: 6713302108059489965

60 styxcanada the Magician (level 3, 0/19 HPs)
             Began as a Deep Elf Fire Elementalist on Feb 23, 2022.
             Slain by a gnoll (2 damage)
             ... on level 3 of the Dungeon.
             The game lasted 00:08:33 (2154 turns).

styxcanada the Magician (DEFE)                      Turns: 2154, Time: 00:08:33

Health: 0/19       AC:  4    Str:  5    XL:     3   Next: 82%
Magic:  1/10       EV: 12    Int: 21    God:
Gold:   70         SH:  0    Dex: 15    Spells: 7/10 levels left

rFire   . . .      SeeInvis .   j - +1 short sword
rCold   . . .      Faith    .   (no shield)
rNeg    . . .      Spirit   .   a - +0 robe
rPois   .          Reflect  .   (no helmet)
rElec   .          Harm     .   (no cloak)
rCorr   .          Rampage  .   (no gloves)
Will    .....                   g - +1 pair of boots
Stlth   ++........              (no amulet)
HPRegen 0.06/turn               (no ring)
MPRegen 0.12/turn               (no ring)

@: no status effects
A: no striking features
a: no special abilities


You were on level 3 of the Dungeon.
You visited 1 branch of the dungeon, and saw 3 of its levels.

You collected 70 gold pieces.

Inventory:

Hand Weapons
 e - a +0 dagger
 j - a +1 short sword (weapon)
 k - a +0 hunting sling
Missiles
 c - 35 stones
 d - 5 boomerangs (quivered)
Armour
 a - a +0 robe (worn)
 g - a +1 pair of boots (worn)
Scrolls
 h - a scroll of enchant weapon
Potions
 b - a potion of haste
 f - a potion of heal wounds {unknown}


   Skills:
 + Level 0.1 Fighting
 + Level 0.3 Short Blades
 + Level 0.2 Throwing
 + Level 2.6 Dodging
 * Level 3.3 Stealth
 + Level 4.0 Spellcasting
 + Level 1.6 Conjurations
 + Level 3.8 Fire Magic


You had 7 spell levels left.
You knew the following spells:

 Your Spells              Type           Power      Damage    Failure   Level
a - Foxfire               Conj/Fire      60%        2x1d7     4%          1
b - Scorch                Fire           40%        2d7       3%          2

Your spell library contained the following spells:

 Spells                   Type           Power      Damage    Failure   Level
 Conjure Flame            Conj/Fire      15%        6-21      12%         3
 Inner Flame              Hex/Fire       12%        N/A       16%         3
 Ensorcelled Hibernation  Hex/Ice        8%         N/A       19%         2
 Passwall                 Tmut/Erth      3%         N/A       19%         2
 Sublimation of Blood     Necr           4%         N/A       19%         2
 Swiftness                Air            4%         N/A       34%         3
 Flame Wave               Conj/Fire      15%        2d6       36%         4
 Petrify                  Tmut/Erth      4%         N/A       75%         4
 Irradiate                Conj/Tmut      3%         3d14      93%         5


Dungeon Overview and Level Annotations

Branches:
Dungeon (3/15)

Altars:


Message History

Casting: Foxfire (safe; 4% risk of failure)
Confirm with . or Enter, or press ? or * to list all spells.
Flames lash the gnoll.
The gnoll is severely wounded.
The gnoll's fire resistance burns away.
The gnoll hits you with a +0 club.
The gnoll is no longer more vulnerable to fire.
You see here 13 gold pieces.
Casting: Scorch (safe; 4% risk of failure)
Confirm with . or Enter, or press ? or * to list all spells.
Flames lash the kobold.
The kobold is severely wounded.
The kobold's fire resistance burns away.
The gnoll hits you with a +0 club.
Casting: Scorch (safe; 4% risk of failure)
Confirm with . or Enter, or press ? or * to list all spells.
Flames lash the gnoll.
The gnoll is almost dead.
The gnoll's fire resistance burns away.
The gnoll hits you with a +0 club!
* * * LOW HITPOINT WARNING * * *
Unknown command.
The gnoll is no longer more vulnerable to fire.
You see here a +0 chain mail.
Casting: Scorch (safe; 4% risk of failure)
Confirm with . or Enter, or press ? or * to list all spells.
Flames lash the gnoll.
You kill the gnoll!
Your Spellcasting skill increases to level 4!
Casting: Scorch (safe; 3% risk of failure)
Confirm with . or Enter, or press ? or * to list all spells.
You don't have enough magic to cast this spell.
You see here 13 gold pieces.
Casting: Scorch (safe; 3% risk of failure)
Confirm with . or Enter, or press ? or * to list all spells.
You conjure some foxfire!
Found a stone staircase leading down.
The foxfire hits the gnoll.
The gnoll is heavily wounded.
The foxfire hits the gnoll.
The gnoll is severely wounded.
The gnoll hits you with a +0 flail.
You die...

...........###
...(....#..K..
#######+#..<....## .
..#.......###.#.# #.#
#.#.......+.....# ....
#.#.......###.#### .....
#.#K..K.)...[.....
......#.g##########.####
.......@........g...#
......##ยง############
..... ....> .### ###...#
##..# ... .... .....


You could see a gnoll and a kobold.

Vanquished Creatures
  2 gnolls (D:3)
  2 worms (D:2)
  A dart slug (D:2)
  A giant cockroach (D:2)
  2 hobgoblins
  6 kobolds
  6 quokkas
  4 ball pythons (D:1)
  3 bats
  A frilled lizard (D:1)
  4 goblins
  A rat (D:1)
33 creatures vanquished.

Vanquished Creatures (others)
  An endoplasm (D:1)
  45 foxfires
46 creatures vanquished.

Grand Total: 79 creatures vanquished

Notes
Turn   | Place    | Note
-------+----------+-------------------------------------------
     0 | D:1      | styxcanada the Deep Elf Fire Elementalist began the quest
                  | for the Orb.
     0 | D:1      | Reached XP level 1. HP: 10/10 MP: 6/6
   121 | D:1      | Reached XP level 2. HP: 11/15 MP: 1/8
   487 | D:1      | Learned a level 2 spell: Scorch
  1404 | D:2      | Reached XP level 3. HP: 19/19 MP: 10/10
  2148 | D:3      | Reached skill level 4 in Spellcasting
  2154 | D:3      | Slain by a gnoll

Illustrated notes

Levels and vault maps discovered:
D:1:      psy_arrival_statuary, layout_basic, lemuel_flame_loot_1
D:2:      layout_basic
D:3:      layout_basic, amcnicky_altar_gilded, lightli_temple_of_fire,
          mainiacjoe_overflow_six_doors_small, nicolae_tso_carved_into_rock,
          nicolae_grassy_gnolls, uniq_crazy_yiuf_cottage

Skill      XL: |  1  2  3 |
---------------+----------+-----
Stealth        | 3 |  3.3
Spellcasting   | 4 |  4.0
Fighting       | |  0.1
Short Blades   | |  0.3
Throwing       | |  0.2
Dodging        | |  2.6
Conjurations   | |  1.6
Fire Magic     | |  3.8

Action                   || total
-------------------------++-------
Melee: Dagger            ||     9
       Short sword       ||     2
Throw: Boomerang         ||    12
 Cast: Foxfire           ||    29
       Scorch            ||    14
  Use: Scroll            ||     7
 Stab: Sleeping          ||     4
Armor: Robe              ||     8
Dodge: Dodged            ||    13
